 Dungeon Sprint DCSS version 0.22.1-6-g1668fe2 (webtiles) character file.

2247 doot the Spry (level 9, -5/49 HPs)
             Began as a Felid Berserker on Jan 24, 2019.
             Was a High Priest of Trog.
             Slain by a skeletal warrior
             ... wielding a +1 halberd of venom
              (14 damage)
             ... in the Dungeon (Sprint II: "The Violet Keep of Menkaure").
             The game lasted 00:04:55 (1660 turns).

doot the Spry (Felid Berserker)                     Turns: 1660, Time: 00:04:55

Health: -5/49      AC:  2    Str: 21    XL:     9   Next: 15%
Magic:  10/10      EV: 30    Int:  9    God:    Trog [*****.]
Gold:   268        SH:  0    Dex: 15    Spells: 8/8 levels left
                                        Lives:  0   Deaths: 2

rFire    . . .     SeeInvis +     - Unarmed
rCold    . . .     Gourm    .   (shield unavailable)
rNeg     . . .     Faith    .   (armour unavailable)
rPois    .         Spirit   .   (helmet unavailable)
rElec    .         Reflect  .   (cloak unavailable)
rCorr    .         Harm     .   (gloves unavailable)
MR       +....     NoTele   +   (boots unavailable)
Stlth    +++++.....             (no amulet)
HPRegen  0.16/turn              h - ring of stealth
MPRegen  0.12/turn              i - +5 ring of strength

@: quick
A: very small, no armour, no weapons or thrown items, stealth, claws 1, fangs 3,
see invisible, carnivore, speed 1, shaggy fur 2, slow metabolism 1, sharp paws
a: Berserk, Trog's Hand, Brothers in Arms, Renounce Religion


You were in the Dungeon.
You worshipped Trog.
Trog was extremely pleased with you.
You were not hungry.

You visited 1 branch You collected 972 gold pieces.
You spent 704 gold pieces at shops.

Inventory:

Jewellery
 h - a ring of stealth (left paw)
 i - a +5 ring of strength (right paw)
Scrolls
 g - a scroll of blinking
Potions
 b - a potion of curing
 c - a potion of heal wounds
 d - a potion of haste
 e - 2 potions of magic
 f - a potion of berserk rage
Comestibles
 a - a ration


   Skills:
 + Level 11.7 Fighting
 + Level 15.4 Dodging
 + Level 7.4 Stealth
 + Level 15.1 Unarmed Combat


You had 8 spell levels left.
You didn't know any spells.
Your spell library was empty.

Dungeon Overview and Level Annotations

Branches:
Dungeon (1/1)

Altars:

Shops:
D ::}=[[?*!%((=!*:

Annotations:
D exclusion: oklob plant, Kirke


Innate Abilities, Weirdness & Mutations

You cannot wear armour.
You are incapable of wielding weapons or throwing items.
Your paws allow you to move quietly. (Stealth)
You have sharp claws.
You have razor-sharp teeth.
You have supernaturally acute eyesight. (SInv)
You are carnivorous and can eat meat at any time.
You cover ground quickly.
You are covered in thick fur. (AC +2)
You have a slow metabolism.
Your sharp claws are effective at attacking unaware monsters.


Message History

You feel somewhat more hungry. Something hits your troll!
Your troll bites the yaktaur captain!!
Your troll barely misses the yaktaur captain.
Your troll claws the yaktaur captain!
The yaktaur captain hits your troll!!
Your troll bites the yaktaur captain.
Your troll claws the yaktaur captain!
Your troll claws the yaktaur captain!!
Your troll bites the yaktaur captain!!
The yaktaur captain dies!
Trog accepts your kill.
Your Unarmed Combat skill increases to level 15!
Welcome back to level 9!
Your troll bites the skeletal warrior.
Your troll claws the skeletal warrior.
Your troll barely misses the skeletal warrior.
The skeletal warrior completely misses you.
Your troll bites the skeletal warrior!
Your troll claws the skeletal warrior but does no damage. x2
Your troll bites the skeletal warrior but does no damage.
Your troll claws the skeletal warrior!
Your troll claws the skeletal warrior!!
The skeletal warrior hits you from afar with a halberd of venom!
You die...

##..§§.§§.§## ### .z§§§§.§.§§#
#.@c####§§...§.zz#
#YcK..≈##§.§§.§.#
##########K≈#§''#§z'#
#########≈≈≈...§...
∩.∩.....#c@≈≈.##+#
.∩.∩....#c≈≈≈##(@### ##
..∩.∩...#≈≈≈≈#.T##.# .#
...∩.∩..#z≈####z#.#### .##
....∩.⌠.#≈##.###'###.##..#
...∩.∩..#c#.).##z##...#..#
..∩.∩...'≈'.#.'(<.'.##+..#
.∩.∩....#≈#cT(##.##...#....#
▓▓▓▓▓▓###≈##.###+###.##......≈
$.J######≈≈####.###### ≈.....≈


You could see a skeletal warrior and a friendly troll (berserk).

Vanquished Creatures
  A merfolk siren (D)
  11 flying skulls (D)
  4 neqoxecs (D)
  Menkaure (D)
  4 necrophages (D)
  3 worms (D)
24 creatures vanquished.

Vanquished Creatures (collateral kills)
  A yaktaur captain (D)
  A centaur warrior (D)
  A flying skull (D)
3 creatures vanquished.

Vanquished Creatures (others)
  2 crocodiles (D)
2 creatures vanquished.

Grand Total: 29 creatures vanquished

Notes
Turn   | Place    | Note
-------+----------+-------------------------------------------
     0 | D        | doot the Felid Berserker began the quest for the Orb.
     0 | D        | Reached XP level 1. HP: 10/10 MP: 2/2
     1 | D        | Noticed a necrophage
     1 | D        | Noticed a necrophage
     1 | D        | Noticed a necrophage
     1 | D        | Noticed a necrophage
    11 | D        | Killed a necrophage
    11 | D        | Reached skill level 5 in Fighting
    11 | D        | Reached skill level 5 in Unarmed Combat
    11 | D        | Reached XP level 2. HP: 15/15 MP: 3/3
    11 | D        | Reached XP level 3. HP: 19/19 MP: 4/4
    11 | D        | Reached XP level 4. HP: 23/23 MP: 5/5
    15 | D        | Killed a crocodile
    22 | D        | Killed a necrophage
    22 | D        | Reached XP level 5. HP: 12/26 MP: 6/6
    25 | D        | Slain by a necrophage
    26 | D        | Reached XP level 4. HP: -2/23 MP: 5/5
    27 | D        | Noticed a merfolk siren
    33 | D        | Killed a merfolk siren
    33 | D        | Reached ** piety under Trog
    33 | D        | Reached XP level 5. HP: 31/31 MP: 6/6
    33 | D        | Gained mutation: You are covered in thick fur. (AC +2)
                  | [Felid growth]
    33 | D        | Reached XP level 6. HP: 34/34 MP: 7/7
    73 | D        | Reached *** piety under Trog
    73 | D        | Reached skill level 10 in Unarmed Combat
    73 | D        | Reached XP level 7. HP: 32/36 MP: 8/8
   482 | D        | Noticed a neqoxec
   487 | D        | Killed a neqoxec
   487 | D        | Reached **** piety under Trog
   488 | D        | Noticed a neqoxec
   488 | D        | Noticed a neqoxec
   492 | D        | Noticed a neqoxec
   493 | D        | Killed a neqoxec
   493 | D        | Reached skill level 10 in Fighting
   493 | D        | Reached skill level 1 in Stealth
   494 | D        | Noticed an ice statue
   496 | D        | Killed a neqoxec
   501 | D        | Killed a neqoxec
   501 | D        | Reached XP level 8. HP: 41/41 MP: 9/9
   545 | D        | Found Malogam's Distillery.
   545 | D        | Found Gidyrphiede's Book Shop.
   545 | D        | Found Mot Far's Jewellery Boutique.
   545 | D        | Found Kaitseno's General Store.
   545 | D        | Found Ala Refi's Antique Weapon Shop.
   545 | D        | Noticed Menkaure
   546 | D        | Found Itaholag's Weapon Shop.
   546 | D        | Found Soodgh's Food Boutique.
   546 | D        | Found Amuifyu's Distillery.
   546 | D        | Found Lotzooj's General Store.
   550 | D        | Killed Menkaure
   550 | D        | Reached ***** piety under Trog
   551 | D        | Found Osune's Magic Scroll Boutique.
   551 | D        | Found Xirr's Antique Armour Boutique.
   551 | D        | Found Ivysk's Antique Armour Shop.
   551 | D        | Noticed a slime creature
   552 | D        | Found Ugainua's Jewellery Boutique.
   552 | D        | Found Zokku's Gadget Shop.
   552 | D        | Noticed a slime creature
   552 | D        | Noticed a slime creature
   552 | D        | Noticed an oklob plant
   553 | D        | Found Feetutaa's Book Shoppe.
   553 | D        | Found Ushong's Book Boutique.
   555 | D        | Noticed a hell hog
   556 | D        | Noticed a hell hog
   565 | D        | Bought an uncursed ring of stealth for 210 gold pieces
   565 | D        | Bought a +5 ring of strength for 494 gold pieces
   700 | D        | Noticed a flying skull
   700 | D        | Noticed a flying skull
   700 | D        | Noticed a flying skull
   701 | D        | Noticed a flying skull
   702 | D        | Noticed a flying skull
   714 | D        | Killed a flying skull
   716 | D        | Killed a flying skull
   841 | D        | Noticed a flying skull
   841 | D        | Noticed a flying skull
   841 | D        | Noticed a flying skull
   841 | D        | Noticed a flying skull
   841 | D        | Noticed a flying skull
   841 | D        | Noticed a flying skull
  1078 | D        | Noticed a flying skull
  1106 | D        | Killed a flying skull
  1108 | D        | Killed a flying skull
  1108 | D        | Reached skill level 5 in Stealth
  1109 | D        | Killed a flying skull
  1109 | D        | Reached XP level 9. HP: 45/45 MP: 10/10
  1609 | D        | Reached ****** piety under Trog
  1609 | D        | Reached skill level 15 in Dodging
  1623 | D        | Noticed an elephant
  1623 | D        | Noticed a centaur warrior
  1623 | D        | Noticed Kirke
  1623 | D        | Noticed a yaktaur captain
  1623 | D        | Noticed a kobold demonologist
  1623 | D        | Noticed a skeletal warrior
  1639 | D        | Shot with an arrow by a centaur warrior
  1640 | D        | Reached XP level 8. HP: -8/42 MP: 9/9
  1649 | D        | Killed a centaur warrior
  1657 | D        | Killed a yaktaur captain
  1657 | D        | Reached skill level 15 in Unarmed Combat
  1657 | D        | Reached XP level 9. HP: 8/49 MP: 10/10
  1660 | D        | Slain by a skeletal warrior

Skill      XL: |  1  2  3  4  5  6  7  8  9 |
---------------+----------------------------+-----
Fighting       | 5 9 10 11 | 11.7
Dodging        | 7 11 12 13 14 15 | 15.4
Unarmed Combat | 5 9 10 11 15 14 | 15.1
Stealth        | 1 5 7 |  7.4

Action                   |  1- 3 |  4- 6 |  7- 9 || total
-------------------------+-------+-------+-------++-------
Melee: Unarmed           |     8 |    30 |    58 ||    96
       Bite              |     1 |     4 |    11 ||    16
       Punch             |       |     4 |     2 ||     6
Invok: Berserk           |     1 |     1 |     5 ||     7
       Brothers in Arms  |       |       |     2 ||     2
  Eat: Chunk             |       |       |     5 ||     5
Armor: Skin              |       |       |     1 ||     1
Dodge: Dodged            |     4 |    33 |    48 ||    85
